 Dungeon Crawl Stone Soup version 0.31-a0-816-gd61d57ddb1 (webtiles) character file.

Game seed: 1311688399565091823

68 Essalna the Conjurer (level 4, 30/30 HPs)
             Began as a Demonspawn Conjurer on Sept 22, 2023.
             Got out of the dungeon alive.
             The game lasted 00:03:33 (2454 turns).

Essalna the Conjurer (Demonspawn Conjurer)          Turns: 2454, Time: 00:03:33

Health: 30/30      AC:  2    Str:  7    XL:     4   Next: 1%
Magic:  8/8        EV: 11    Int: 24    God:
Gold:   83         SH:  4    Dex: 11    Spells: 5/8 levels left

rFire   . . .        m - +0 scimitar
rCold   . . .        c - +0 buckler
rNeg    . . .        a - +0 robe
rPois   .            (no helmet)
rElec   .            (no cloak)
rCorr   .            (no gloves)
SInv    .            (no boots)
Will    .....        (no amulet)
Stlth   ++           (no ring)
HPRegen 0.25/turn    (no ring)
MPRegen 0.11/turn

%: no passive effects
@: no status effects
A: claws 1, big brain 1
a: no special abilities


You escaped.
You visited 1 branch of the dungeon, and saw 3 of its levels.

You collected 83 gold pieces.

Inventory:

Hand Weapons
 d - a +0 dagger
 m - a +0 scimitar (weapon)
Armour
 a - a +0 robe (worn)
 c - a +0 buckler (worn)
Talismans
 n - a talisman of death
Scrolls
 h - a scroll of blinking {unknown}
 i - a scroll of enchant armour {unknown}
 j - a scroll of teleportation {unknown}
 k - a scroll of vulnerability {unknown}
 l - a scroll of enchant weapon {unknown}
Potions
 b - a potion of magic
 e - 2 potions of heal wounds {unknown}
 f - a potion of might {unknown}
 g - a potion of attraction {unknown}


   Skills:
 - Level 1.7 Dodging
 - Level 1.7 Stealth
 + Level 1.5 Shields
 + Level 2.8 Spellcasting
 + Level 4.6 Conjurations


You had 5 spell levels left.
You knew the following spells:

 Your Spells              Type           Power      Damage    Failure   Level
a - Magic Dart            Conj           100%       1d8       2%          1
b - Searing Ray           Conj           50%        2d6       4%          2

Your spell library contained the following spells:

 Spells                   Type           Power      Damage    Failure   Level
 Dazzling Flash           Conj/Hex       28%        N/A       21%         3
 Call Canine Familiar     Summ           3%         N/A       47%         3
 Sigil of Binding         Hex            3%         N/A       47%         3
 Fulminant Prism          Conj/Hex       7%         3d7       56%         4
 Iskenderun's Mystic Bla  Conj/Tloc      14%        2d5       56%         4
 Dimensional Bullseye     Hex/Tloc       1%         N/A       87%         4
 Leda's Liquefaction      Hex/Erth       1%         N/A       87%         4


Dungeon Overview and Level Annotations

Branches:
Dungeon (3/15)

Altars:

Annotations:
D:2 Terence


Innate Abilities, Weirdness & Mutations

You have sharp fingernails.
You have an unusually large brain. (Int +2)


Message History

Aim: an orc, wielding a +0 club (heavily wounded, 79% to hit)
The searing ray hits the orc!
You kill the orc!
The searing ray hits the hobgoblin!
You kill the hobgoblin! (Press . to maintain the ray.) HP restored.
Magic restored.
Things that are here:
a +0 club; an orc corpse You see here a hobgoblin corpse.
You now have 83 gold pieces (gained 7).
A dart slug comes into view.
The magic dart hits the dart slug.
The dart slug is heavily wounded.
The magic dart hits the dart slug.
The dart slug is severely wounded.
The magic dart hits the dart slug.
The dart slug is severely wounded.
The dart slug launches a dart at you. The slug dart hits you.
The magic dart hits the dart slug.
You kill the dart slug!
You have reached level 4!
You feel clever.
Your demonic ancestry asserts itself...
Your fingernails lengthen.
You see here a hobgoblin corpse.
Things that are here:
a +0 club; an orc corpse
There is a stone staircase leading up here.
You climb upwards.
Level annotation: Terence
There is a stone staircase leading down here.
There is a stone staircase leading up here.
You climb upwards.
There is a stone staircase leading down here.
Magic restored.
There is a staircase leading out of the dungeon here.
Alright, then stay!
You have escaped!

##..#########............###.#...
...## #................#...
#..##########...........######...
............................##...
################.##########..#.#+
# ###...........### #..#.#. #
###...###...###...###....#. #
##...####.....####...##...#. #
##..#####...@...#####..###.#) #
##..## ##.........## ##..##... #
##..## ##...........## ##..##..
###..## ##......#......## ##..##.
##..## ##......###......## ##..#.
##.## ##......## ##......## ##.##
#..# ##......## ##......## #..#
#.####......## ##......####.#
...........## ##...........


There were no monsters in sight!

Vanquished Creatures
  2 dart slugs
  An orc (D:3)
  7 bats
  4 endoplasms
  A giant cockroach (D:1)
  8 goblins
  8 hobgoblins
  A kobold (D:1)
  3 quokkas (D:1)
  11 ball pythons
  4 frilled lizards
  6 rats
56 creatures vanquished.

Notes
Turn   | Place    | Note
-------+----------+-------------------------------------------
     0 | D:1      | Essalna the Demonspawn Conjurer began the quest for the
                  | Orb.
     0 | D:1      | Reached XP level 1. HP: 13/13 MP: 3/3
   273 | D:1      | Gained mutation: You have an unusually large brain. (Int
                  | +2) [demonic ancestry]
   273 | D:1      | Reached XP level 2. HP: 19/19 MP: 0/5
  1042 | D:1      | Reached XP level 3. HP: 24/24 MP: 2/6
  1104 | D:1      | Reached skill level 1 in Shields
  1484 | D:1      | Learned a level 2 spell: Searing Ray
  2119 | D:2      | Noticed Terence
  2404 | D:3      | Gained mutation: You have sharp fingernails. [demonic
                  | ancestry]
  2404 | D:3      | Reached XP level 4. HP: 29/30 MP: 3/8
  2454 | D:$      | Got out of the dungeon alive.

Illustrated notes

Levels and vault maps discovered:
D:1:      dpeg_arrival_central, layout_basic
D:2:      layout_basic, serial_shops, nicolae_shop_real_fake_doors, uniq_terence
D:3:      layout_rooms, lemuel_tele_altar, lemuel_doored_altar, minivault_14,
          minmay_box_of_dots, uniq_robin, uniq_grinder, uniq_crazy_yiuf_cottage

Skill      XL: |  1  2  3 |
---------------+----------+-----
Shields        | 1 |  1.5
Dodging        | |  1.7
Stealth        | |  1.7
Spellcasting   | |  2.8
Conjurations   | |  4.6

Action                     |  1- 3 |  4- 6 || total
---------------------------+-------+-------++-------
  Melee: Dagger            |    17 |       ||    17
         Scimitar          |    13 |       ||    13
   Cast: Magic Dart        |    97 |       ||    97
         Searing Ray       |     1 |       ||     1
 Armour: Robe              |    36 |       ||    36
  Dodge: Dodged            |    28 |       ||    28
  Block: Buckler           |    10 |       ||    10

Table legend: (Time is in decaauts)
 A = Elapsed time spent in this place.
 B = Non-inter-level travel time spent in this place.
 C = Inter-level travel time spent in this place.
 D = Time resting spent in this place.
 E = Time spent auto-exploring this place.
 F = Levels seen in this place.
 G = Mean time per level.
                   A        B        C        D        E       F      G
               +--------+--------+--------+--------+--------+-----+--------+
         Total |   2461 |   2336 |    125 |      0 |   2072 |   3 |  820.3 |
       Dungeon |   2461 |   2336 |    125 |      0 |   2072 |   3 |  820.3 |
               +--------+--------+--------+--------+--------+-----+--------+

Top non-repeatable levels by time:
     D:1: 1535 daAuts
     D:2: 824 daAuts
     D:3: 100 daAuts
